 Dungeon Crawl Stone Soup version 0.30-a0-1161-g0704695555 (webtiles) character file.

Game seed: 625138548506286539

23115 cheesebisquit the Arsonist (level 12, -5/112 HPs)
             Began as a Pale Draconian Fire Elementalist on Apr 27, 2023.
             Was an Elder of Vehumet.
             Slain by a red ugly thing (13 damage)
             ... on level 13 of the Dungeon.
             The game lasted 00:54:00 (15959 turns).

cheesebisquit the Arsonist (DrFE)                  Turns: 15959, Time: 00:54:00

Health: -5/112     AC: 15    Str: 18    XL:     12   Next: 69%
Magic:  16/24      EV: 11    Int: 20    God:    Vehumet [****..]
Gold:   419        SH: 11    Dex: 17    Spells: 11/27 levels left

rFire   . . .        P - +3 war axe (elec)
rCold   . . .        T - +0 kite shield
rNeg    . . .        (body armour unavailable)
rPois   .            o - +1 hat
rElec   .            U - +1 cloak
rCorr   .            d - +1 pair of gloves
SInv    .            p - +1 pair of boots
Will    .....        b - amulet of regeneration
Stlth   ++           t - +6 ring of strength
HPRegen 1.18/turn    J - +6 ring of dexterity
MPRegen 0.19/turn

%: no passive effects
@: no status effects
A: breathe steam, AC +8, unfitting armour, cold-blooded, steam resistance
a: Breathe Steam, Renounce Religion


You were on level 13 of the Dungeon.
You worshipped Vehumet.
Vehumet was greatly pleased with you.
You visited 2 branches of the dungeon, and saw 14 of its levels.

You collected 779 gold pieces.
You spent 360 gold pieces at shops.

Inventory:

Hand Weapons
 a - a +0 morningstar
 i - a +0 battleaxe
 F - a +2 dagger of electrocution
 G - the +6 rapier "Jaick" {speed, *Corrode Str+4 Dex+3 Stlth+}
   (You found it on level 4 of the Dungeon)

   Str:       It affects your strength (+4).
   Dex:       It affects your dexterity (+3).
   *Corrode:  It may corrode you when you take damage.
   Stlth:     It makes you more stealthy.
 P - a +3 war axe of electrocution (weapon)
Missiles
 C - 25 poisoned darts
 E - 2 throwing nets
 O - 7 curare-tipped darts
 W - 2 silver boomerangs
Armour
 d - a +1 pair of gloves (worn)
 o - a +1 hat (worn)
 p - a +1 pair of boots (worn)
 w - a scarf of harm
 S - a +0 buckler
 T - a +0 kite shield (worn)
 U - a +1 cloak (worn)
Magical Staves
 l - a staff of conjuration
Jewellery
 b - an amulet of regeneration (around neck)
 t - a +6 ring of strength (left hand)
 y - a ring of positive energy
 J - a +6 ring of dexterity (right hand)
 K - a ring of protection from fire
 M - a ring of magical power
 R - an amulet of the acrobat
 Y - an amulet of reflection
Wands
 c - a wand of polymorph (5)
 H - a wand of light (6)
 L - a wand of digging (8)
 Q - a wand of flame (49)
Scrolls
 f - 11 scrolls of teleportation
 g - a scroll of identify
 j - a scroll of silence
 k - a scroll of vulnerability
 m - a scroll of brand weapon
 n - 6 scrolls of magic mapping
 q - 2 scrolls of fog
 u - 4 scrolls of immolation
 x - 2 scrolls of fear
 V - 2 scrolls of poison
 Z - a scroll of blinking
Potions
 e - 3 potions of curing
 h - a potion of attraction
 r - 2 potions of lignification
 s - 4 potions of flight
 v - 3 potions of ambrosia
 z - a potion of heal wounds
 A - a potion of resistance
 B - a potion of mutation
 I - 2 potions of brilliance
 N - 2 potions of berserk rage
 X - 2 potions of cancellation


   Skills:
 + Level 12.0 Fighting
 + Level 8.0 Axes
 - Level 2.1 Dodging
 - Level 2.1 Stealth
 + Level 6.6 Shields
 + Level 8.3 Spellcasting
 - Level 1.5 Conjurations
 * Level 13.9 Fire Magic


You had 11 spell levels left.
You knew the following spells:

 Your Spells              Type           Power      Damage    Failure   Level
a - Foxfire               Conj/Fire      100%       2x1d9     1%          1
b - Flame Wave            Conj/Fire      39%        2d11      2%          4
c - Inner Flame           Hex/Fire       36%        N/A       1%          3
d - Volatile Blastmotes   Fire/Tloc      72%        2d16      1%          3
e - Ignite Poison         Fire/Tmut/Pois 26%        N/A       2%          3
z - Scorch                Fire           100%       2d9       1%          2

Your spell library contained the following spells:

 Spells                   Type           Power      Damage    Failure   Level
 Dazzling Flash           Conj/Hex       22%        N/A       11%         3
 Sandblast                Erth           16%        2d6       5%          1
 Stone Arrow              Conj/Erth      22%        3d8       11%         3
 Passwall                 Tmut/Erth      6%         N/A       28%         2


Dungeon Overview and Level Annotations

Branches:
Dungeon (13/15)            Temple (1/1) D:6            Lair (0/5) D:8
    Orc (0/2) D:10
 Vaults: D:13-14

Altars:
Ashenzari
Cheibriados
Dithmenos
Elyvilon
Fedhas
Gozag
Hepliaklqana
Kikubaaqudgha
Makhleb
Nemelex Xobeh
Okawaru
Qazlal
Ru
Sif Muna
Trog
Uskayaw
Vehumet
Wu Jian
Xom
Yredelemnul
Zin
The Shining One

Shops:
D:1 (   D:6 *   D:13 *?

Portals:
Trove: D:13 (show slimy rune of Zot)

Annotations:
D:8 2 transporters, qeuew's ghost, novice NaGl


Innate Abilities, Weirdness & Mutations

You can breathe blasts of scalding, opaque steam.
Your pale cyan-grey scales are hard. (AC +8)
You cannot fit into any form of body armour.
You are cold-blooded and may be slowed by cold attacks.
You are immune to the effects of steam.


Message History

You block the red ugly thing's attack. The gargoyle misses you.
You hit the gargoyle but do no damage.
The gargoyle is severely damaged.
You hit the red ugly thing. The red ugly thing pecks you.
You are engulfed in flames!!
* * * LOW HITPOINT WARNING * * *
You block the gargoyle's attack. You block the red ugly thing's attack.
You block the gargoyle's attack.
You feel much better. The red ugly thing barely misses you.
You block the gargoyle's attack.
You barely miss the gargoyle.
The gargoyle is severely damaged.
You closely miss the red ugly thing.
The gargoyle is no longer more vulnerable to fire.
You block the red ugly thing's attack.
The gargoyle hits you but does no damage.
You hit the gargoyle but do no damage. You tail-slap the gargoyle.
The gargoyle is severely damaged.
You hit the red ugly thing.
Lightning courses through the red ugly thing!
A tengu warrior comes into view.
It is wielding a +1 broad axe of draining.
You block the red ugly thing's attack.
The gargoyle hits you with a +0 morningstar.
* * * LOW HITPOINT WARNING * * *
You hit the gargoyle.
The gargoyle is almost destroyed.
You barely miss the red ugly thing. The red ugly thing misses you.
The gargoyle hurls a stone arrow at you.
You block the stone arrow. The red ugly thing closely misses you.
You hit the gargoyle.
The gargoyle is almost destroyed.
You closely miss the red ugly thing. You slash the tengu warrior!
Lightning courses through the tengu warrior!
The red ugly thing is no longer more vulnerable to fire.
The gargoyle hits you with a +0 morningstar!
* * * LOW HITPOINT WARNING * * *
You block the tengu warrior's attack. x3; The red ugly thing pecks you!
* * * LOW HITPOINT WARNING * * *
You are engulfed in flames!
You die...

##.#.......## #.# #####
#.#.......)# #.# ####
##.#.......>###.# ##...
...##.....#..##.#############..##
#..#..........#..........#....##
##.........#...#..........[####
#.........##...#.........##
##........####..Q9<......##
#...#.....# ##.@u.......###.
#..###.##.# #..............#
...###.########.#........###..
....†^.).#∩#............##
....##...#'##...####...##
...###.##...#...# #.#...## ...#
#.##.#....#####.###..# #..#
#..#..##...).##.# ##.#
#..####.##.##..##)##.# #..###


You could see a red ugly thing, a tengu warrior and a gargoyle.

Vanquished Creatures
  Gastronok (D:12)
  Erolcha (D:11)
  Harold (D:9)
  2 centaur warriors (D:13)
  2 boulder beetles
  A tengu warrior (D:13)
  4 two-headed ogres
  Sonja (D:13)
  A wolf spider (D:13)
  2 ugly things
  Maurice (D:8)
  Joseph (D:8)
  A kobold demonologist (D:11)
  A rime drake (D:8)
  An efreet (D:13)
  2 komodo dragons
  A guardian mummy (D:13)
  Grinder (D:5)
  A troll (D:10)
  3 slime creatures (D:13)
  Sigmund (D:6)
  2 wyverns
  A vampire (D:10)
  A basilisk (D:13)
  2 wraiths (D:12)
  22 yaks
  A steam dragon (D:10)
  2 vampire mosquitoes (D:10)
  A warg (D:10)
  A water moccasin (D:8)
  3 sky beasts
  7 orc warriors
  8 ice beasts
  4 wolves
  2 ogres
  18 centaurs
  A phantom (D:5)
  2 kobold brigands
  3 bullfrogs
  Blork the orc (D:6)
  5 scorpions
  5 wights (D:8)
  5 killer bees (D:8)
  2 howler monkeys
  3 hounds
  A jelly (D:8)
  9 orc priests
  2 gnoll boudas
  2 iguanas
  Natasha (twice) (D:2)
  Terence (D:2)
  10 orc wizards
  13 gnolls
  6 adders
  3 white imps
  An ufetubus (D:5)
  5 worms
  A dart slug (D:3)
  44 orcs
  2 bats
  7 endoplasms
  5 giant cockroaches
  4 goblins
  6 hobgoblins
  4 jackals (D:1)
  2 quokkas
  7 ball pythons
  3 frilled lizards
  17 kobolds
  7 rats
  A spectral hobgoblin (D:3)
297 creatures vanquished.

Vanquished Creatures (collateral kills)
  3 foxfires
3 creatures vanquished.

Vanquished Creatures (others)
  An orc wizard (D:5)
  1230 foxfires
  A plant (D:1)
1232 creatures vanquished.

Grand Total: 1532 creatures vanquished

Notes
Turn   | Place    | Note
-------+----------+-------------------------------------------
     0 | D:1      | cheesebisquit the Draconian Fire Elementalist began the
                  | quest for the Orb.
     0 | D:1      | Reached XP level 1. HP: 14/14 MP: 3/3
   240 | D:1      | Reached XP level 2. HP: 20/20 MP: 0/5
   439 | D:1      | Found Fuomal's Weapon Emporium.
   896 | D:1      | Reached XP level 3. HP: 26/26 MP: 4/6
  1309 | D:2      | Reached skill level 1 in Fighting
  1522 | D:2      | Noticed Natasha
  1534 | D:2      | HP: 1/28 [cerulean imp/+0 spear[Natasha] (3)]
  1535 | D:2      | Killed Natasha
  1670 | D:2      | Noticed Terence
  1679 | D:2      | Killed Terence
  1680 | D:2      | Reached XP level 4. HP: 34/38 MP: 0/7
  2083 | D:2      | Noticed Natasha
  2089 | D:2      | Killed Natasha
  2403 | D:3      | Found a faded altar of an unknown god.
  2457 | D:3      | Reached XP level 5. HP: 46/46 MP: 5/8
  2571 | D:3      | Found a bloodstained altar of Trog.
  2826 | D:3      | Noticed an ice beast
  2848 | D:3      | Killed an ice beast
  2849 | D:3      | Reached skill level 5 in Fighting
  2849 | D:3      | Reached XP level 6. HP: 45/56 MP: 4/9
  3424 | D:4      | Identified the +6 rapier "Jaick" {speed, *Corrode Str+4
                  | Dex+3 Stlth+}
  3976 | D:5      | Entered Level 5 of the Dungeon
  4092 | D:5      | Noticed Grinder
  4112 | D:5      | Killed Grinder
  4113 | D:5      | Your scales start taking on a pale cyan-grey colour.
  4113 | D:5      | Reached XP level 7. HP: 68/68 MP: 0/10
  4113 | D:5      | Gained mutation: You are immune to the effects of steam.
                  | [Pale Draconian growth]
  4443 | D:5      | Found a stormy altar of Qazlal.
  4522 | D:5      | Found an opulent altar of Gozag.
  4524 | D:5      | Found a glowing golden altar of the Shining One.
  4530 | D:5      | Found a glowing silver altar of Zin.
  4554 | D:5      | Reached XP level 8. HP: 74/78 MP: 11/11
  4675 | D:5      | Learned a level 2 spell: Scorch
  4679 | D:5      | Learned a level 3 spell: Inner Flame
  4683 | D:5      | Learned a level 3 spell: Volatile Blastmotes
  4871 | D:6      | Found Nunwor's Assorted Antiques.
  4895 | D:6      | Reached skill level 4 in Fire Magic
  5023 | D:6      | Noticed Blork the orc
  5033 | D:6      | Killed Blork the orc
  5109 | D:6      | Found a white marble altar of Elyvilon.
  5212 | D:6      | Reached skill level 5 in Fire Magic
  5337 | D:6      | Reached skill level 6 in Fire Magic
  5695 | D:6      | Found a staircase to the Ecumenical Temple.
  5704 | Temple   | Entered the Ecumenical Temple
  5917 | D:6      | Noticed Sigmund
  5924 | D:6      | Killed Sigmund
  5925 | D:6      | Reached skill level 1 in Axes
  6017 | D:6      | Found a radiant altar of Vehumet.
  6017 | D:6      | Found a blossoming altar of Fedhas.
  6118 | D:6      | Became a worshipper of Vehumet
  6157 | D:7      | Reached skill level 7 in Fire Magic
  6276 | D:7      | Reached XP level 9. HP: 84/84 MP: 5/15
  6452 | D:7      | You fall into a shaft and drop 2 floors!
  7145 | D:8      | Noticed Joseph
  7147 | D:8      | Reached skill level 8 in Fire Magic
  7150 | D:8      | Noticed a rime drake
  7425 | D:8      | Noticed Maurice
  7431 | D:8      | Killed a rime drake
  7432 | D:8      | Reached skill level 5 in Spellcasting
  7449 | D:8      | Reached * piety under Vehumet
  7449 | D:8      | Offered knowledge of Freeze by Vehumet.
  7450 | D:8      | Reached skill level 9 in Fire Magic
  7615 | D:8      | Killed Maurice
  7817 | D:8      | Reached skill level 1 in Shields
  7822 | D:8      | Reached XP level 10. HP: 92/92 MP: 0/18
  8064 | D:8      | Killed Joseph
  8176 | D:8      | Found a staircase to the Lair.
  8213 | D:8      | Found a hide-covered altar of Uskayaw.
  8213 | D:8      | Noticed a two-headed ogre
  8225 | D:8      | Killed a two-headed ogre
  8226 | D:8      | Reached skill level 10 in Fire Magic
  8389 | D:8      | Found a transporter.
  8417 | D:8      | Reached skill level 10 in Fighting
  8569 | D:8      | Noticed qeuew's ghost (novice NaGl)
  8644 | D:8      | Reached ** piety under Vehumet
  8789 | D:8      | Offered knowledge of Magic Dart by Vehumet.
  8795 | D:8      | Learned a level 4 spell: Flame Wave
  8862 | D:8      | Found a transporter.
  8934 | D:8      | Reached skill level 5 in Axes
  9219 | D:9      | Noticed a boulder beetle
  9236 | D:9      | Killed a boulder beetle
  9323 | D:9      | Noticed Harold
  9358 | D:9      | Killed Harold
  9359 | D:9      | Reached skill level 11 in Fire Magic
  9610 | D:9      | Noticed a two-headed ogre
  9617 | D:9      | Killed a two-headed ogre
  9618 | D:9      | Reached XP level 11. HP: 101/101 MP: 11/20
 10617 | D:10     | Entered Level 10 of the Dungeon
 10700 | D:10     | Identified the +7 dagger "Beec Sih" {freeze, +Blink Int+4
                  | Dex+3}
 10886 | D:10     | Offered knowledge of Frozen Ramparts by Vehumet.
 10917 | D:10     | Noticed a two-headed ogre
 10944 | D:9      | Killed a two-headed ogre
 11483 | D:6      | Bought a golden potion for 26 gold pieces
 11483 | D:6      | Bought a fizzy white potion for 26 gold pieces
 11483 | D:6      | Bought a scroll labelled KOISKU NOFING for 29 gold pieces
 11483 | D:6      | Bought a scroll labelled JUANET TUCI for 29 gold pieces
 11483 | D:6      | Bought a scroll labelled KOISKU NOFING for 29 gold pieces
 11483 | D:6      | Bought a scroll labelled OREBUXT USTRE for 29 gold pieces
 11585 | D:10     | Found a shimmering blue altar of Sif Muna.
 11629 | D:10     | Reached *** piety under Vehumet
 11955 | D:10     | Found a staircase to the Orcish Mines.
 12052 | D:10     | Reached skill level 12 in Fire Magic
 12072 | D:10     | Offered knowledge of Ignite Poison by Vehumet.
 12164 | D:10     | Learned a level 3 spell: Ignite Poison
 12580 | D:11     | Noticed Erolcha
 12592 | D:11     | Killed Erolcha
 12593 | D:11     | Reached skill level 5 in Shields
 12861 | D:11     | Noticed a boulder beetle
 12883 | D:11     | Killed a boulder beetle
 13184 | D:11     | Reached **** piety under Vehumet
 13315 | D:11     | Found a hide-covered altar of Uskayaw.
 13320 | D:11     | Offered knowledge of Dazzling Flash by Vehumet.
 13441 | D:11     | Noticed a brown ugly thing
 13451 | D:11     | Killed a brown ugly thing
 13452 | D:11     | Reached XP level 12. HP: 105/110 MP: 13/23
 13512 | D:11     | Noticed a two-headed ogre
 13520 | D:11     | Killed a two-headed ogre
 13629 | D:12     | Noticed a boulder beetle
 14102 | D:12     | Noticed Gastronok
 14120 | D:12     | Killed Gastronok
 14121 | D:12     | Reached skill level 13 in Fire Magic
 15217 | D:13     | Found Aschexokk's Magic Scroll Emporium.
 15220 | D:13     | Bought a scroll of identify for 22 gold pieces
 15220 | D:13     | Bought a scroll of identify for 22 gold pieces
 15220 | D:13     | Bought a scroll of identify for 22 gold pieces
 15220 | D:13     | Bought a scroll of enchant weapon for 82 gold pieces
 15220 | D:13     | Bought a scroll of fog for 44 gold pieces
 15230 | D:13     | Found a portal to a secret trove of treasure.
 15363 | D:13     | Noticed a centaur warrior
 15368 | D:13     | Killed a centaur warrior
 15477 | D:13     | Noticed Sonja
 15484 | D:13     | Killed Sonja
 15602 | D:13     | Noticed a tengu warrior
 15611 | D:13     | Killed a tengu warrior
 15676 | D:13     | Found Azahac's General Store.
 15802 | D:13     | Noticed a centaur warrior
 15822 | D:13     | Killed a centaur warrior
 15957 | D:13     | Noticed a tengu warrior
 15959 | D:13     | Slain by a red ugly thing

Illustrated notes

Levels and vault maps discovered:
D:1:      amcnicky_arrival_underground_garden, layout_basic, serial_forest,
          infiniplex_forest_fountain, infiniplex_forest_zigzag_1,
          infiniplex_forest_end_1, infiniplex_forest_3_way,
          infiniplex_forest_straight_2, infiniplex_forest_lined_corner,
          infiniplex_forest_clump_diagonal, serial_shops,
          nicolae_shop_bloodbath_and_beyond, nicolae_wormholes
D:2:      layout_basic, corexii_corridor_pit, uniq_natasha, uniq_terence
D:3:      layout_rooms, trog_three_pillars_becter,
          dreamdust_ecumenical_altar_drowned_temple
D:4:      layout_basic, minmay_mini_jars
D:5:      layout_basic, grunt_qazlal_clouds, minitemple, uniq_grinder
D:6:      layout_rooms, nicolae_overflow_two_pavilions, elyvilon_altar_1,
          lemuel_temple_firewalk_a, serial_shops, nicolae_shop_behind_doors,
          nicolae_kite_square_tiling_tiny, chequers_jeans, nrook_uturn,
          uniq_blork_the_orc, uniq_sigmund
D:7:      layout_basic, dk_noncrumbling_3
D:8:      layout_loops_ring, mainiacjoe_overflow_catwalk,
          hellmonk_lair_entry_icy, gammafunk_ghost_stat_death, uniq_joseph,
          uniq_maurice
D:9:      layout_layer_cave, kennysheep_generic_room_6, uniq_harold
D:10:     layout_irregular_city, nicolae_sif_muna_condensation, erik_orc_4,
          minmay_misc_feat_iff
D:11:     layout_gridville, grunt_decor_fettered, nicolae_uskayaw_dance_studio,
          uniq_erolcha
D:12:     layout_cave_pods, serial_park_tiny_2, uniq_gastronok
D:13:     layout_rooms, serial_shops, shop, shop, kennysheep_mini,
          nicolae_trove_entry_path_of_doom, uniq_sonja
Temple:   nicolae_temple_slightly_damp_pantheon

Skill      XL: |  1  2  3  4  5  6  7  8  9 10 11 12 |
---------------+-------------------------------------+-----
Stealth        | 2 |  2.1
Dodging        | 2 |  2.1
Fighting       | 3 4 5 8 9 10 11 12 | 12.0
Fire Magic     | 7 9 11 12 13 | 13.9
Spellcasting   | 4 5 6 7 8 |  8.3
Axes           | 1 4 5 7 8 |  8.0
Shields        | 1 3 5 6 |  6.6
Conjurations   | |  1.5

Action                     |  1- 3 |  4- 6 |  7- 9 | 10-12 || total
---------------------------+-------+-------+-------+-------++-------
  Melee: Unarmed           |    47 |       |    20 |       ||    67
         Tailslap          |     5 |     3 |     9 |    14 ||    31
         Battleaxe         |    14 |    30 |    50 |       ||    94
         Punch             |     1 |       |     2 |       ||     3
         War axe           |       |       |     3 |    80 ||    83
   Cast: Foxfire           |    58 |   100 |   148 |   377 ||   683
         Scorch            |       |       |    34 |   239 ||   273
         Inner Flame       |       |       |       |     5 ||     5
    Use: Potion            |     1 |       |     1 |    13 ||    15
         Scroll            |       |       |       |    25 ||    25
   Stab: Sleeping          |       |       |     1 |       ||     1
 Armour: Skin              |    35 |    33 |    83 |   252 ||   403
  Dodge: Dodged            |    55 |    38 |   107 |   297 ||   497
  Block: Buckler           |       |       |     6 |   111 ||   117
         Kite shield       |       |       |       |    59 ||    59

Table legend: (Time is in decaauts)
 A = Elapsed time spent in this place.
 B = Non-inter-level travel time spent in this place.
 C = Inter-level travel time spent in this place.
 D = Time resting spent in this place.
 E = Time spent auto-exploring this place.
 F = Levels seen in this place.
 G = Mean time per level.
                   A        B        C        D        E       F      G
               +--------+--------+--------+--------+--------+-----+--------+
         Total |  16126 |  15175 |    951 |    533 |  12228 |  14 | 1151.9 |
       Dungeon |  15941 |  15008 |    933 |    533 |  12075 |  13 | 1226.2 |
        Temple |    184 |    166 |     18 |      0 |    153 |   1 |  184.0 |
               +--------+--------+--------+--------+--------+-----+--------+

Top non-repeatable levels by time:
     D:9: 2040 daAuts
     D:8: 1607 daAuts
    D:11: 1432 daAuts
    D:12: 1335 daAuts
     D:2: 1273 daAuts
     D:7: 1226 daAuts
     D:6: 1202 daAuts
    D:10: 1187 daAuts
     D:1: 988 daAuts
     D:4: 987 daAuts
     D:5: 941 daAuts
     D:3: 908 daAuts
    D:13: 807 daAuts
  Temple: 184 daAuts
